 Dungeon Crawl Stone Soup version 0.29-a0-234-g0dae59b3db (webtiles) character file.

Game seed: 6803881553410281596

144 tilp the Chiller (level 5, 21/21 HPs)
             Began as a Felid Ice Elementalist on Mar 2, 2022.
             Quit the game on level 5 of the Dungeon.
             The game lasted 00:05:01 (4590 turns).

tilp the Chiller (Felid Ice Elementalist)           Turns: 4590, Time: 00:05:02

Health: 21/21      AC:  2    Str:  4    XL:     5   Next: 5%
Magic:  10/10      EV: 18    Int: 18    God:
Gold:   158        SH:  5    Dex: 17    Spells: 3/10 levels left
                                        Lives:  0   Deaths: 1

rFire   . . .      SeeInvis +   (weapon unavailable)
rCold   . . .      Faith    .   (shield unavailable)
rNeg    . . .      Spirit   .   (body armour unavailable)
rPois   .          Reflect  +   (helmet unavailable)
rElec   .          Harm     .   (cloak unavailable)
rCorr   .          Rampage  .   (gloves unavailable)
Will    .....                   (boots unavailable)
Stlth   ++........              e - amulet of reflection
HPRegen 0.07/turn               (no ring)
MPRegen 0.12/turn               (no ring)

@: quick
A: very small, claws 1, fangs 3, see invisible, speed 1, shaggy fur 2, stealthy
paws, no weapons or thrown items, no armour, multi-lived
a: no special abilities


You were on level 5 of the Dungeon.
You visited 2 branches of the dungeon, and saw 6 of its levels.

You collected 158 gold pieces.

Inventory:

Jewellery
 c - an amulet of faith
 e - an amulet of reflection (around neck)
Scrolls
 j - a scroll of teleportation
 m - a scroll of magic mapping
Potions
 a - a potion of ambrosia
 b - a potion of berserk rage
 d - a potion of curing {unknown}
 f - a potion of haste {unknown}
 g - 2 potions of invisibility
 h - 2 potions of mutation {unknown}
 i - a potion of might {unknown}
 k - a potion of heal wounds {unknown}
 l - a potion of brilliance {unknown}


   Skills:
 * Level 0.9 Fighting
 + Level 3.0 Dodging
 + Level 2.9 Stealth
 * Level 0.8 Unarmed Combat
 - Level 3.0 Spellcasting
 - Level 6.0 Ice Magic


You had 3 spell levels left.
You knew the following spells:

 Your Spells              Type           Power      Damage    Failure   Level
a - Freeze                Ice            96%        1d11      1%          1
b - Frozen Ramparts       Ice            48%        1d6       4%          3
c - Ozocubu's Armour      Ice            24%        N/A       4%          3

Your spell library contained the following spells:

 Spells                   Type           Power      Damage    Failure   Level
 Summon Small Mammal      Summ           8%         N/A       16%         1
 Dazzling Flash           Conj/Hex       4%         N/A       43%         3
 Hailstorm                Conj/Ice       13%        3d5       43%         4
 Summon Ice Beast         Ice/Summ       13%        N/A       43%         4
 Summon Hydra             Summ           1%         N/A       100%        7


Dungeon Overview and Level Annotations

Branches:
Dungeon (5/15)             Temple (1/1) D:4

Altars:
Ashenzari
Cheibriados
Dithmenos
Elyvilon
Fedhas
Kikubaaqudgha
Makhleb
Nemelex Xobeh
Okawaru
Qazlal
Ru
Sif Muna
Uskayaw
Wu Jian
Yredelemnul
Zin

Shops:
D:2 !   D:3 (


Innate Abilities, Weirdness & Mutations

You have sharp claws.
You have razor-sharp teeth.
You have supernaturally acute eyesight. (SInv)
You cover ground quickly. (Speed+)
You are covered in thick fur. (AC +2)
Your paws help you pounce on unaware monsters.
You are incapable of wielding weapons or throwing items.
You cannot wear armour.
You gain extra lives every three experience levels.


Message History

Casting: Frozen Ramparts (quite dangerous; 4% risk of failure)
Press: ? - help, Dir - look around, f - activate The walls around you are covered in ice.
The wall freezes the gnoll.
The gnoll barely misses you.
Unknown command.
Unknown command.
The wall freezes the gnoll.
You kill the gnoll!
The wall freezes the gnoll sergeant.
Your magical contamination has completely faded away.
You have reached level 6!
Your fur grows into a thick mane.
The wall freezes the gnoll!
The gnoll completely misses you.
A gnoll comes into view. It is wielding a +0 whip.
The wall freezes the gnoll sergeant.
The gnoll sergeant barely misses you.
Unknown command.
A gnoll comes into view. It is wielding a +0 whip.
The wall freezes the gnoll.
The gnoll hits you from afar with a +0 spear.
The wall freezes the gnoll sergeant.
The gnoll sergeant closely misses you.
Unknown command.
The wall freezes the gnoll.
You kill the gnoll!
The wall freezes the gnoll sergeant.
The gnoll sergeant hits you but does no damage.
A gnoll comes into view. It is wielding a +0 whip.
Your Dodging skill increases to level 3!
Unknown command.
The wall freezes the gnoll sergeant.
The gnoll sergeant hits you from afar with a +0 spear.
* * * LOW HITPOINT WARNING * * *
Unknown command.
The wall freezes the gnoll sergeant.
The gnoll sergeant barely misses you.
Unknown command.
The frozen ramparts melt away.
The gnoll sergeant hits you from afar with a +0 spear!
You die...
You are now level 5!
You rejoin the land of the living...
Are you sure you want to abandon this character and quit the game? (Confirm with "yes".)

###+###
......#
#.....###
#........
#@.......
#....###.
####.# #


There were no monsters in sight!

Vanquished Creatures
  An ogre (D:4)
  2 jellies
  An iguana (D:3)
  2 gnolls (D:5)
  3 adders
  A dart slug (D:1)
  3 orcs
  2 bats (D:1)
  6 endoplasms
  2 giant cockroaches
  5 goblins
  8 hobgoblins
  5 jackals
  3 quokkas
  4 ball pythons
  9 kobolds
  3 rats (D:1)
60 creatures vanquished.

Vanquished Creatures (others)
  6 demonic plants (D:1)
  4 fungi (D:1)
  7 plants
  A withered plant (D:1)
18 creatures vanquished.

Grand Total: 78 creatures vanquished

Notes
Turn   | Place    | Note
-------+----------+-------------------------------------------
     0 | D:1      | tilp the Felid Ice Elementalist began the quest for the
                  | Orb.
     0 | D:1      | Reached XP level 1. HP: 7/7 MP: 4/4
   175 | D:1      | Reached XP level 2. HP: 1/11 MP: 1/6
   498 | D:1      | Reached skill level 4 in Ice Magic
  1034 | D:1      | Found a faded altar of an unknown god.
  1378 | D:2      | Found Uxorgh's Distillery.
  1439 | D:2      | Reached XP level 3. HP: 5/14 MP: 2/7
  1443 | D:2      | Learned a level 3 spell: Frozen Ramparts
  2187 | D:3      | Reached XP level 4. HP: 18/18 MP: 1/9
  2799 | D:3      | Reached skill level 5 in Ice Magic
  2871 | D:3      | Found Eseestim's Antique Weapon Boutique.
  3439 | D:4      | Reached XP level 5. HP: 21/21 MP: 4/10
  3485 | D:4      | Found a staircase to the Ecumenical Temple.
  3495 | Temple   | Entered the Ecumenical Temple
  3714 | D:4      | Got Ysimiamm's Almanac of Malediction and the Escort
  3807 | D:4      | Noticed an ogre
  4422 | D:4      | Killed an ogre
  4423 | D:4      | Reached skill level 6 in Ice Magic
  4427 | D:4      | Learned a level 3 spell: Ozocubu's Armour
  4534 | D:5      | Entered Level 5 of the Dungeon
  4584 | D:5      | Gained mutation: You are covered in thick fur. (AC +2)
                  | [Felid growth]
  4584 | D:5      | Reached XP level 6. HP: 18/25 MP: 1/11
  4589 | D:5      | Slain by a gnoll sergeant
  4590 | D:5      | Reached XP level 5. HP: 0/21 MP: 2/10
  4590 | D:5      | Quit the game

Illustrated notes

Levels and vault maps discovered:
D:1:      heliophobic_arrival_ceremonial_halls, layout_rooms,
          shapermc_ecumenical_altar_gd
D:2:      layout_rooms, serial_shops, nicolae_diamond_shop,
          minmay_misc_feat_tower
D:3:      corexii_shack_village, layout_loops_ring, serial_shops, shop
D:4:      layout_gridville, minmay_temple_entry_ruins
D:5:      layout_basic, grunt_temple_overflow_open, st_stairs_3, uniq_pikel
Temple:   eino_temple_rhombus

Skill      XL: |  1  2  3  4  5  6 |
---------------+-------------------+-----
Ice Magic      | 4 5 6 |  6.0
Spellcasting   | 3 |  3.0
Dodging        | 3 |  3.0
Fighting       | |  0.9
Stealth        | |  2.9
Unarmed Combat | |  0.8

Action                   |  1- 3 |  4- 6 || total
-------------------------+-------+-------++-------
Melee: Unarmed           |    10 |    12 ||    22
       Bite              |     3 |       ||     3
 Cast: Freeze            |    39 |    24 ||    63
       Frozen Ramparts   |     2 |    10 ||    12
  Use: Scroll            |     4 |     2 ||     6
 Stab: Sleeping          |     5 |     9 ||    14
Armor: Skin              |     2 |     2 ||     4
Dodge: Dodged            |    17 |    14 ||    31
Block: Other             |     3 |     3 ||     6

Table legend: (Time is in decaauts)
 A = Elapsed time spent in this place.
 B = Non-inter-level travel time spent in this place.
 C = Inter-level travel time spent in this place.
 D = Time resting spent in this place.
 E = Time spent auto-exploring this place.
 F = Levels seen in this place.
 G = Mean time per level.
                   A        B        C        D        E       F      G
               +--------+--------+--------+--------+--------+-----+--------+
         Total |   4098 |   4006 |     92 |    511 |   3058 |   6 |  683.0 |
       Dungeon |   3938 |   3862 |     76 |    511 |   2924 |   5 |  787.6 |
        Temple |    160 |    144 |     16 |      0 |    133 |   1 |  160.0 |
               +--------+--------+--------+--------+--------+-----+--------+

Top non-repeatable levels by time:
     D:1: 1277 daAuts
     D:3: 1039 daAuts
     D:4: 858 daAuts
     D:2: 710 daAuts
  Temple: 160 daAuts
     D:5: 53 daAuts
